 Dungeon Crawl Stone Soup version 0.28-a0-1033-g1a2f33fa85 (webtiles) character file.

Game seed: 6906292432219255068

95 gimp the Digger (level 4, -5/33 HPs)
             Began as a Demigod Earth Elementalist on Dec 7, 2021.
             Killed from afar by an electric eel (13 damage)
             ... with a bolt of electricity
             ... on level 3 of the Dungeon.
             The game lasted 00:03:53 (3519 turns).

gimp the Digger (Demigod Earth Elementalist)        Turns: 3519, Time: 00:03:53

Health: -5/33      AC:  2    Str:  9    XL:     4   Next: 17%
Magic:  10/10      EV: 12    Int: 21    God:
Gold:   88         SH:  0    Dex: 14    Spells: 4/8 levels left

rFire   . . .      SeeInvis .   a - +0 dagger
rCold   . . .      Faith    .   (no shield)
rNeg    . . .      Spirit   .   b - +0 robe
rPois   .          Reflect  .   (no helmet)
rElec   .          Harm     .   (no cloak)
rCorr   .          Rampage  .   (no gloves)
Will    .....                   (no boots)
Stlth   ++........              (no amulet)
HPRegen 0.11/turn               (no ring)
MPRegen 0.12/turn               (no ring)

@: no status effects
A: high mp 1, forlorn, divine attributes
a: no special abilities


You were on level 3 of the Dungeon.
You visited 1 branch of the dungeon, and saw 3 of its levels.

You collected 132 gold pieces.
You spent 44 gold pieces at shops.

Inventory:

Hand Weapons
 a - a +0 dagger (weapon)
Missiles
 c - 58 stones
 i - 15 poisoned darts
Armour
 b - a +0 robe (worn)
Wands
 k - a wand of flame (14)
Scrolls
 e - a scroll of magic mapping
 f - a scroll of enchant armour
 g - 2 scrolls of identify
 j - a scroll of enchant weapon
Potions
 d - 2 potions of curing
 h - a potion of haste {unknown}


   Skills:
 - Level 1.7 Dodging
 - Level 1.7 Stealth
 + Level 2.6 Spellcasting
 * Level 0.7 Conjurations
 - Level 0.8 Transmutations
 * Level 4.1 Earth Magic


You had 4 spell levels left.
You knew the following spells:

 Your Spells              Type           Power      Damage    Failure   Level
a - Stone Arrow           Conj/Erth      24%        3d8       16%         3
b - Sandblast             Erth           40%        2d10      2%          1

Your spell library contained the following spells:

 Spells                   Type           Power      Damage    Failure   Level
 Passwall                 Tmut/Erth      10%        N/A       8%          2
 Petrify                  Tmut/Erth      13%        N/A       45%         4


Dungeon Overview and Level Annotations

Branches:
Dungeon (3/15)

Shops:
D:2 !

Annotations:
D:3 1 transporter


Innate Abilities, Weirdness & Mutations

You have an increased reservoir of magic. (+10% MP)
You shall have no god before yourself.
Your divine heritage dramatically boosts your attributes as you level up.


Message History

You enter the shallow water.
Moving in this stuff is going to be slow.
You see here a +0 hunting sling.
You now have 88 gold pieces (gained 3).
You enter the shallow water.
Moving in this stuff is going to be slow.
You enter the shallow water.
Moving in this stuff is going to be slow.
There is an open door here.
You enter the shallow water.
Moving in this stuff is going to be slow.
Partly explored, unvisited transporter and can't reach some places.
Partly explored, unvisited transporter and can't reach some places.
Partly explored, unvisited transporter and can't reach some places.
There is a transporter here.
There is a transporter here.
You enter the transporter and appear at another place.
k - a wand of flame (16)
You open the door.
Aiming: Throw Flame
Press: ? - help, Shift-Dir - straight line, f - electric eel
Aim: an electric eel (48% to hit)
The puff of flame misses the electric eel.
The electric eel shoots out a bolt of lightning at you!
The bolt of electricity hits you! x2
* * * LOW HITPOINT WARNING * * *
The electric eel is engulfed in a cloud of scalding steam.
The electric eel shoots out a bolt of lightning at you!
The bolt of electricity misses you.
The bolt of electricity hits the plant!
The plant begins to die.
The bolt of electricity hits the plant!
You take 25 damage, and have 8/33 hp.
MASSIVE DAMAGE!!
Aiming: Throw Flame
Press: ? - help, Shift-Dir - straight line, f - electric eel, p - electric eel
Aim: an electric eel (48% to hit)
The puff of flame hits the electric eel.
The electric eel is lightly wounded.
The electric eel is engulfed in a cloud of scalding steam.
The electric eel shoots out a bolt of lightning at you!
The bolt of electricity hits you!
You die...

##### #.##### ########.#####
########.............
#.................### #
#.###############.### ###
##.#8P#SS≈≈≈≈≈#P8#.... ..#
##..#..#.......#..#..)# #.#
#..©#©.'...⌠...+/©#©..# ###
#...#.@#.......#..#..## ###
#...#8P#SS≈≈≈≈≈#P8#.... #≈≈##
##..###############.### ##≈≈##
#####..................#
.##≈≈###..##.##.###.#######.###
.#≈≈≈##......##.# #.# ##'##
.##≈≈≈#...##.##.###.# ##...##
..≈≈≈≈≈.............# ##.....##
...≈≈≈≈≈P(..###.#.###
##.......##


You could see 4 electric eels.

Vanquished Creatures
  3 adders
  6 dart slugs
  6 ball pythons
  4 endoplasms
  3 giant cockroaches
  6 goblins
  8 hobgoblins
  3 jackals (D:3)
  2 bats
  A frilled lizard (D:2)
  4 kobolds
  8 rats
54 creatures vanquished.

Notes
Turn   | Place    | Note
-------+----------+-------------------------------------------
     0 | D:1      | gimp the Demigod Earth Elementalist began the quest for the
                  | Orb.
     0 | D:1      | Reached XP level 1. HP: 14/14 MP: 5/5
   328 | D:1      | Reached skill level 3 in Earth Magic
   499 | D:1      | Reached XP level 2. HP: 18/20 MP: 4/7
  1568 | D:2      | Found Danis's Distillery.
  1580 | D:2      | Bought a potion of curing for 33 gold pieces
  1580 | D:2      | Bought a potion of degeneration for 11 gold pieces
  1658 | D:2      | Reached XP level 3. HP: 26/26 MP: 7/9
  1662 | D:2      | Learned a level 3 spell: Stone Arrow
  2546 | D:3      | Found a transporter.
  2604 | D:3      | Reached skill level 4 in Earth Magic
  2835 | D:3      | Reached XP level 4. HP: 33/33 MP: 7/10
  3207 | D:3      | Found a transporter.
  3519 | D:3      | Killed from afar by an electric eel

Illustrated notes

Levels and vault maps discovered:
D:1:      erik_arrival_cave_to_civilisation [erik_arrival_cave_to_hall],
          layout_basic
D:2:      layout_basic, serial_shops, shop,
          hellmonk_ecumenical_altar_pennies_from_heaven
D:3:      gammafunk_steamed_eel, layout_loops_corners,
          nicolae_gozag_seed_capital, grunt_temple_overflow_open,
          chequers_big_river, kennysheep_cross_room, grunt_decor_mini_mirrors

Skill      XL: |  1  2  3 |
---------------+----------+-----
Earth Magic    | 3 4 |  4.1
Spellcasting   | 2 |  2.6
Dodging        | |  1.7
Stealth        | |  1.7
Conjurations   | |  0.7
Transmutations | |  0.8

Action                   |  1- 3 |  4- 6 || total
-------------------------+-------+-------++-------
Melee: Unarmed           |     9 |       ||     9
       Dagger            |     9 |       ||     9
 Cast: Sandblast         |    62 |     7 ||    69
       Stone Arrow       |     1 |       ||     1
Evoke: Wand              |       |     2 ||     2
  Use: Scroll            |     4 |       ||     4
 Stab: Sleeping          |     1 |       ||     1
Armor: Robe              |     6 |     1 ||     7
Dodge: Dodged            |    13 |     3 ||    16

Table legend: (Time is in decaauts)
 A = Elapsed time spent in this place.
 B = Non-inter-level travel time spent in this place.
 C = Inter-level travel time spent in this place.
 D = Time resting spent in this place.
 E = Time spent auto-exploring this place.
 F = Levels seen in this place.
 G = Mean time per level.
                   A        B        C        D        E       F      G
               +--------+--------+--------+--------+--------+-----+--------+
         Total |   3531 |   3401 |    130 |      0 |   2994 |   3 | 1177.0 |
       Dungeon |   3531 |   3401 |    130 |      0 |   2994 |   3 | 1177.0 |
               +--------+--------+--------+--------+--------+-----+--------+

Top non-repeatable levels by time:
     D:1: 1369 daAuts
     D:3: 1258 daAuts
     D:2: 903 daAuts
